 Dungeon Crawl Stone Soup version 0.19-a0-1071-g4ed3155 (webtiles) character file.

189 Leszczynek the Cudgeler (level 5, 0/53 HPs)
             Began as an Ogre Earth Elementalist on Aug 5, 2016.
             Was an Initiate of the Shining One.
             Slain by an orc
             ... wielding a +0 whip
              (3 damage)
             ... on level 3 of the Dungeon.
             The game lasted 00:09:17 (1474 turns).

Leszczynek the Cudgeler (Ogre Earth Elementalist)   Turns: 1474, Time: 00:09:18

Health: 0/53       AC:  3    Str: 14    XL:     5   Next: 68%
Magic:  8/8        EV: 10    Int: 14    God:    the Shining One [......]
Gold:   103        SH:  0    Dex: 10    Spells: 1 memorised, 8 levels left

rFire  . . .     SeeInvis .     a - +0 mace
rCold  . . .     Gourm    .     c - +0 robe
rNeg   . . .     Faith    .     (no shield)
rPois  .         Spirit   .     (helmet restricted)
rElec  .         Dismiss  .     (no cloak)
rCorr  .         Reflect  .     (gloves unavailable)
SustAt .         Harm     .     (boots unavailable)
MR     .....                    (no amulet)
Stlth  +.........               (no ring)
                                (no ring)

@: glowing
A: unfitting armour, tough skin 1
a: Renounce Religion


You were on level 3 of the Dungeon.
You worshipped the Shining One.
The Shining One was noncommittal.
You were not hungry.

You visited 1 branch of the dungeon, and saw 4 of its levels.

You collected 103 gold pieces.

Inventory:

Hand Weapons
 a - a +0 mace (weapon)
 l - a +1 short sword of flaming
Missiles
 b - 58 stones (quivered)
 o - 25 sling bullets
Armour
 c - a +0 robe (worn)
Scrolls
 g - a scroll of fog {unknown}
Potions
 f - a potion of degeneration {unknown}
Books
 e - a book of Geomancy

   Spells                             Type                      Level
   a - Sandblast                      Earth                        1
   b - Passwall                       Transmutation/Earth          2
   c - Stone Arrow                    Conjuration/Earth            3
   d - Petrify                        Transmutation/Earth          4
   e - Lee's Rapid Deconstruction     Earth                        5
Comestibles
 d - a bread ration
 i - 3 fruits


   Skills:
 - Level 3.0 Fighting
 * Level 6.0 Maces & Flails
 - Level 1.7 Dodging
 - Level 1.5 Stealth
 - Level 2.5 Spellcasting
   Level 0.6 Transmutations
 - Level 2.1 Earth Magic


You had 8 spell levels left.
You knew the following spells:

 Your Spells              Type           Power        Failure   Level  Hunger
a - Sandblast             Erth           #.....       12%         1    #......


Dungeon Overview and Level Annotations

Branches:
Dungeon (4/15)
 Temple: D:4-7

Altars:
The Shining One

Shops:
D:4 %

Annotations:
D:3 Jessica


Innate Abilities, Weirdness & Mutations

You are too large for most types of armour.
You have tough skin. (AC +1)


Message History

The orc hits you with a whip! The orc priest barely misses you.
The orc hits you with a flail! The orc hits you with a whip.
Unknown command.
Unknown command.
You closely miss the orc priest.
The orc priest is almost dead.
The orc priest hits you but does no damage.
The orc hits you but does no damage. The orc barely misses you.
Unknown command.
You sock the orc priest!
You kill the orc priest!
The Shining One accepts your kill.
Your Maces & Flails skill increases to level 6!
The orc hits you with a flail!
* * * LOW HITPOINT WARNING * * *
The orc hits you with a whip.
* * * LOW HITPOINT WARNING * * *
A goblin comes into view.
The orc hits you with a whip.
You die...

...........#
.......=...#
...........#
...........#
...........#
...........#
.......)...#####
g......>oo......
......o.@..####
...........#
...........#
...........#
....).......
...........##
...........#
..........#


You could see 3 orcs.

Vanquished Creatures
  A hound (D:4)
  An orc priest (D:3)
  Natasha (twice) (D:4)
  3 adders (D:2)
  An orc (D:4)
  5 giant cockroaches
  4 hobgoblins (D:1)
  14 jackals
  3 kobolds
  2 quokkas (D:4)
  2 bats
  3 giant newts
  2 goblins (D:1)
  A quokka skeleton (D:4)
  5 rats
49 creatures vanquished.

Notes
Turn   | Place    | Note
-------+----------+-------------------------------------------
     0 | D:1      | Leszczynek the Ogre Earth Elementalist began the quest for the Orb.
     0 | D:1      | Reached XP level 1. HP: 16/16 MP: 3/3
    52 | D:1      | Reached skill level 1 in Fighting
   188 | D:1      | Reached skill level 1 in Maces & Flails
   188 | D:1      | Reached XP level 2. HP: 20/27 MP: 0/5
   328 | D:1      | Reached skill level 2 in Fighting
   441 | D:1      | Reached skill level 2 in Maces & Flails
   556 | D:2      | Reached XP level 3. HP: 33/36 MP: 6/6
   696 | D:2      | Found a glowing golden altar of the Shining One.
   706 | D:2      | Became a worshipper of the Shining One
   736 | D:2      | Reached skill level 3 in Fighting
   736 | D:2      | Reached skill level 3 in Maces & Flails
   736 | D:2      | Reached XP level 4. HP: 36/45 MP: 1/7
   900 | D:3      | Noticed Jessica
  1041 | D:4      | Noticed Natasha
  1056 | D:4      | Killed Natasha
  1056 | D:4      | Reached skill level 4 in Maces & Flails
  1205 | D:4      | Noticed Natasha
  1212 | D:4      | HP: 3/67 [Natasha/magic dart (6)]
  1214 | D:4      | Killed Natasha
  1214 | D:4      | Reached XP level 5. HP: 4/53 MP: 8/8
  1216 | D:4      | Reached skill level 5 in Maces & Flails
  1392 | D:4      | Found Dafrah's Food Shop.
  1473 | D:3      | Reached skill level 6 in Maces & Flails
  1473 | D:3      | HP: 3/53 [orc/whip (5)]
  1474 | D:3      | Slain by an orc

Vault maps used:
D:1:      scummos_arrival_simple_fountains, st_stairs_3
D:2:      makhleb_altar_promises_db, marbit_many_paths, cheibriados_altar_1,
          fountainhead, uniq_robin
D:3:      eat_drink_and_be_merry_uskayaw, minmay_misc_feat_more_columns,
          solitary_fountain, uniq_grinder, uniq_jessica
D:4:      first_bread, serial_shops, shop, uniq_blork_the_orc,
          uniq_crazy_yiuf_cottage, uniq_edmund, uniq_natasha

Skill      XL: |  1  2  3  4  5 |
---------------+----------------+-----
Fighting       | 1 2 3 |  3.0
Maces & Flails | 1 2 3 4 6 |  6.0
Dodging        | |  1.7
Stealth        | |  1.5
Spellcasting   | |  2.5
Transmutations | |  0.6
Earth Magic    | |  2.1

Action                   |  1- 3 |  4- 6 || total
-------------------------+-------+-------++-------
Melee: Mace              |    26 |    70 ||    96
       Unarmed           |     4 |       ||     4
       Short sword       |    35 |       ||    35
 Cast: Sandblast         |    19 |     1 ||    20
  Use: Scroll            |     6 |       ||     6
       Potion            |       |     3 ||     3
  Eat: Chunk             |       |     4 ||     4
Armor: Robe              |    26 |    21 ||    47
Dodge: Dodged            |    48 |    47 ||    95
